 Dungeon Crawl Stone Soup version 0.24.1 (webtiles) character file.

Game seed: 6253969481384834418, levelgen mode: deterministic

328 Destapler the Firebug (level 6, 0/45 HPs)
             Began as a Demigod Fire Elementalist on Mar 28, 2020.
             Killed from afar by an orc wizard (7 damage)
             ... with a magic dart
             ... on level 4 of the Dungeon.
             The game lasted 00:11:27 (2734 turns).

Destapler the Firebug (Demigod Fire Elementalist)   Turns: 2734, Time: 00:11:30

Health: 0/45       AC:  4    Str: 11    XL:     6   Next: 4%
Magic:  9/13       EV: 12    Int: 21    God:
Gold:   151        SH:  5    Dex: 20    Spells: 6/10 levels left

rFire    . . .     SeeInvis +   a - +2 short sword (elec)
rCold    . . .     Gourm    .   s - +0 buckler
rNeg     . . .     Faith    .   r - +0 robe
rPois    .         Spirit   .   (no helmet)
rElec    .         Reflect  .   (no cloak)
rCorr    .         Harm     .   o - +1 pair of gloves
MR       .....                  (no boots)
Stlth    +++.......             (no amulet)
HPRegen  0.15/turn              q - +2 ring of dexterity
MPRegen  0.13/turn              u - ring of see invisible

@: no status effects
A: high mp 1
a: no special abilities


You were on level 4 of the Dungeon.
You were not hungry.

You visited 1 branch of the dungeon, and saw 4 of its levels.

You collected 151 gold pieces.

Inventory:

Hand Weapons
 a - a +2 short sword of electrocution (weapon)
Missiles
 j - 113 stones
 n - 12 poisoned darts (quivered)
Armour
 o - a +1 pair of gloves (worn)
 r - a +0 robe (worn)
 s - a +0 buckler (worn)
Jewellery
 q - a +2 ring of dexterity (left hand)
 u - a ring of see invisible (right hand)
Wands
 l - a wand of digging (5)
 m - a wand of paralysis (2)
Scrolls
 b - 2 scrolls of magic mapping {unknown}
 i - 2 scrolls of blinking {unknown}
 k - 6 scrolls of identify {unknown}
 p - a scroll of enchant armour {unknown}
 t - a scroll of teleportation {unknown}
 v - a scroll of enchant weapon {unknown}
Potions
 d - a potion of might {unknown}
 e - 2 potions of brilliance
 g - a potion of curing {unknown}
 h - a potion of berserk rage
Comestibles
 c - 7 rations
 f - 9 chunks of flesh


   Skills:
 + Level 1.6 Short Blades
 - Level 1.7 Dodging
 + Level 3.0 Stealth
 * Level 1.6 Shields
 + Level 2.7 Spellcasting
 + Level 2.2 Conjurations
 + Level 3.9 Fire Magic
 + Level 1.1 Evocations


You had 6 spell levels left.
You knew the following spells:

 Your Spells              Type           Power        Failure   Level  Hunger
a - Flame Tongue          Conj/Fire      ###..        4%          1    None
F - Conjure Flame         Conj/Fire      ###.....     16%         3    ###....

Your spell library contained the following spells:

 Spells                   Type           Power        Failure   Level  Hunger
 Throw Flame              Conj/Fire      ###...       8%          2    ##.....
 Inner Flame              Hex/Fire       ##......     24%         3    ###....
 Sticky Flame             Conj/Fire      ###.....     45%         4    ####...
 Fireball                 Conj/Fire      ###.......   80%         5    ######.


Dungeon Overview and Level Annotations

Branches:
Dungeon (4/15)
 Temple: D:4-7


Innate Abilities, Weirdness & Mutations

You have an increased reservoir of magic. (+10% MP)


Message History

You barely miss the orc wizard.
The orc wizard hits you with a +0 dagger.
The orc hits you with a +0 mace.
The orc wizard hits you with a +0 dagger.
You hit the orc wizard.
The orc wizard is lightly wounded.
The orc wizard hits you with a +0 dagger.
* * * LOW HITPOINT WARNING * * *
The orc misses you.
Evoke which item? (* to show all) (? for menu, Esc to quit)
Aiming: Paralyse
Press: ? - help, Shift-Dir - straight line, f - orc wizard
Aim: an orc wizard, wielding a +0 dagger and wearing a +0 robe (lightly wounded, fast, chance to defeat MR: 49%)
The orc wizard resists with some effort.
The orc wizard gestures at you while chanting.
The puff of flame hits you!
* * * LOW HITPOINT WARNING * * *
The orc wizard points at you and mumbles some strange words.
The magic dart hits you!
You die...

.....#........####
.[......).........
.........####.####
...(....รท<....######
###.....#.........#
#...............+
#...............#
#...............#
......?.[o@.......#
..........o#########
...........#
....##'##... #+## #
#...# ..(.. .......
...(... .......>.


You could see an orc wizard and an orc.

Vanquished Creatures
  An ogre (D:4)
  2 orc priests (D:4)
  An iguana (D:4)
  Ijyb (D:3)
  A worker ant (D:4)
  5 adders
  An ooze (D:2)
  A dart slug (D:1)
  A leopard gecko (D:3)
  3 orcs
  2 giant cockroaches
  7 hobgoblins
  4 jackals (D:2)
  A quokka (D:4)
  12 bats
  2 frilled lizards (D:1)
  6 goblins
  4 kobolds
  4 rats
59 creatures vanquished.

Notes
Turn   | Place    | Note
-------+----------+-------------------------------------------
     0 | D:1      | Destapler the Demigod Fire Elementalist began the quest for
                  | the Orb.
     0 | D:1      | Reached XP level 1. HP: 14/14 MP: 5/5
    34 | D:1      | Reached skill level 1 in Conjurations
   855 | D:1      | Reached XP level 2. HP: 16/20 MP: 7/7
  1142 | D:2      | Found a sparkling altar of Nemelex Xobeh.
  1274 | D:2      | Found a snail-covered altar of Cheibriados.
  1305 | D:2      | Reached XP level 3. HP: 4/26 MP: 4/8
  1309 | D:2      | HP: 1/26 [poisoned by an adder]
  1616 | D:2      | Found a glowing golden altar of the Shining One.
  1836 | D:2      | Found a basalt altar of Yredelemnul.
  1842 | D:2      | Noticed an angel
  1937 | D:3      | Noticed Ijyb
  1949 | D:3      | Killed Ijyb
  1949 | D:3      | Reached XP level 4. HP: 23/33 MP: 0/10
  1968 | D:3      | Learned a level 3 spell: Conjure Flame
  2023 | D:3      | Reached skill level 1 in Short Blades
  2093 | D:3      | Found a hide-covered altar of Uskayaw.
  2093 | D:3      | Found a blossoming altar of Fedhas.
  2094 | D:3      | Found a shimmering altar of Xom.
  2302 | D:3      | Found an opulent altar of Gozag.
  2575 | D:4      | Noticed an ogre
  2590 | D:4      | Killed an ogre
  2590 | D:4      | Reached skill level 1 in Shields
  2590 | D:4      | Reached XP level 5. HP: 38/38 MP: 1/11
  2727 | D:4      | Reached skill level 1 in Evocations
  2728 | D:4      | Reached XP level 6. HP: 42/45 MP: 8/13
  2734 | D:4      | Killed from afar by an orc wizard

Levels and vault maps discovered:
D:1:      ncdulo_wetmaze, layout_basic
D:2:      layout_basic, nicolae_overflow_crystal_walls, lemuel_round_altar,
          grunt_temple_overflow_holy_war, minmay_misc_feat_columns
D:3:      layout_basic, chequers_temple_overflow_statue_of_worship,
          grunt_gozag_statues, first_ration, minmay_tree_intersection, uniq_ijyb
D:4:      layout_basic, feat_on_display

Skill      XL: |  1  2  3  4  5  6 |
---------------+-------------------+-----
Conjurations   | 1 2 |  2.2
Stealth        | 2 3 |  3.0
Fire Magic     | 3 |  3.9
Spellcasting   | 2 |  2.7
Short Blades   | 1 |  1.6
Shields        | 1 |  1.6
Evocations     | 1 |  1.1
Dodging        | |  1.7

Action                   |  1- 3 |  4- 6 || total
-------------------------+-------+-------++-------
Melee: Short sword       |    67 |    45 ||   112
       Club              |     2 |       ||     2
Throw: Dart              |       |    12 ||    12
 Cast: Flame Tongue      |    24 |    25 ||    49
       Conjure Flame     |       |     2 ||     2
Evoke: Wand              |       |     1 ||     1
  Use: Potion            |     6 |       ||     6
 Stab: Sleeping          |     5 |     4 ||     9
  Eat: Chunk             |     3 |     3 ||     6
Armor: Robe              |    24 |     7 ||    31
Dodge: Dodged            |    72 |    20 ||    92
Block: Buckler           |       |     7 ||     7
